 Dungeon Crawl Stone Soup version 0.31.0-11-ge490571c62 (webtiles) character file.

Game seed: 16452563553168179852

13017 jasper the Fighter (level 12, -5/130 HPs)
             Began as an Oni Shapeshifter on Feb 3, 2024.
             Was a High Priest of Makhleb.
             Slain by a sixfirhy (9 damage)
             ... in a Gauntlet.
             The game lasted 00:19:11 (12111 turns).

jasper the Fighter (Oni Shapeshifter)              Turns: 12111, Time: 00:19:12

Health: -5/130     AC:  3    Str: 25    XL:     12   Next: 1%
Magic:  17/17      EV: 14    Int: 20    God:    Makhleb [*****.]
Gold:   295        SH:  0    Dex:  8    Spells: 11/11 levels left

rFire   + .          .
                       - Unarmed
rCold   . . .        (shield currently unavailable)
rNeg    . . .        D - +0 steam dragon scales
rPois   +            o - +2 hat
rElec   .            v - scarf of Puqy {repulsion, Rampage rPois Int+2}
rCorr   .            (gloves unavailable)
SInv    .            (boots unavailable)
Will    +....        w - amulet "Hacw" {Rampage rF+ Regen+ Int+7 Stlth-} Stlth
                     u - +5 ring of evasion
HPRegen 1.21/turn    (no ring)
MPRegen 0.15/turn

%: no teleportation, repel missiles, rampage
@: blade hands, studying Throwing
A: large, unfitting armour, horns 1, tough skin 1, double potion healing,
drunken brawling
a: Begin Untransformation, Renounce Religion, Minor Destruction, Lesser Servant
of Makhleb, Major Destruction, Greater Servant of Makhleb


You were in a Gauntlet.
You worshipped Makhleb.
Makhleb was extremely pleased with you.
You had blades for hands.
You visited 2 branches of the dungeon, and saw 12 of its levels.
You also visited: Sewer, Bailey and Gauntlet.

You collected 580 gold pieces.
You spent 285 gold pieces at shops.

Inventory:

Missiles
 b - 2 throwing nets
 e - 8 poisoned darts
 f - 94 stones (quivered)
Armour
 a - a +0 animal skin
 o - a +2 hat (worn)
 v - the scarf of Puqy (worn) {repulsion, Rampage rPois Int+2}
   (You bought it in a shop on level 3 of the Dungeon)

   Int+2:     It affects your intelligence (+2).
   rPois:     It protects you from poison Rampage: It bestows one free step when
   moving towards enemies.
 D - +0 steam dragon scales (worn)
 G - +0 acid dragon scales
Jewellery
 q - a +6 ring of dexterity
 u - a +5 ring of evasion (left blade hand)
 w - the amulet "Hacw" (around neck) {Rampage rF+ Regen+ Int+7 Stlth-}
   (You found it on level 7 of the Dungeon)

   [amulet of regeneration]

   Int+7:     It affects your intelligence (+7).
   rF+:       It protects you from fire.
   Regen+:    It increases your rate of health regeneration.
   Rampage:   It bestows one free step when moving towards enemies.
   Stlth-:    It makes you less stealthy.
Talismans
 c - a beast talisman
 d - a flux talisman
 p - a blade talisman (active)
Wands
 j - a wand of digging (6)
 z - a wand of mindburst (2)
 F - a wand of flame (16)
 H - a wand of iceblast (5)
Scrolls
 i - 5 scrolls of teleportation
 r - a scroll of identify
 x - a scroll of brand weapon {unknown}
 y - 2 scrolls of fear
 A - a scroll of fog {unknown}
 C - a scroll of silence
Potions
 g - a potion of ambrosia
 h - a potion of brilliance
 k - 4 potions of curing
 l - 3 potions of heal wounds
 m - 2 potions of degeneration {unknown}
 n - a potion of attraction {unknown}
 s - 2 potions of haste {unknown}
 t - 2 potions of experience {unknown}
 B - a potion of berserk rage
 E - a potion of magic {unknown}
Miscellaneous
 I - a phial of floods


   Skills:
 + Level 11.3 Fighting
 - Level 1.7 Dodging
 + Level 10.6 Unarmed Combat
 - Level 7.0 Invocations
 + Level 10.8 Shapeshifting


You had 11 spell levels left.
You didn't know any spells.
Your spell library contained the following spells:

 Spells                   Type           Power      Damage    Failure   Level
 Apportation              Tloc           0%         N/A       19%         1
 Necrotise                Necr           0%         1d4       19%         1
 Sting                    Conj/Alch      0%         1d3       19%         1
 Summon Small Mammal      Summ           0%         N/A       19%         1
 Static Discharge         Conj/Air       0%         3-3/arc   28%         2
 Call Canine Familiar     Summ           0%         N/A       50%         3
 Inner Flame              Hex/Fire       0%         N/A       50%         3
 Summon Ice Beast         Ice/Summ       0%         N/A       50%         3
 Airstrike                Air            0%         2d(0-16)  88%         4
 Summon Blazeheart Golem  Fire/Summ      0%         N/A       88%         4
 Summon Lightning Spire   Summ/Air       0%         N/A       88%         4
 Irradiate                Conj/Alch      0%         3d11      99%         5
 Summon Mana Viper        Hex/Summ       0%         N/A       99%         5
 Monstrous Menagerie      Summ           0%         N/A       100%        7
 Ignition                 Fire           0%         3d3       100%        8


Dungeon Overview and Level Annotations

Branches:
Dungeon (11/15)            Temple (1/1) D:7            Lair (0/5) D:9
    Orc (0/2) D:9           Sewer (visited)          Bailey (visited)
Gauntlet (1/1)

Altars:
Ashenzari
Cheibriados
Dithmenos
Elyvilon
Fedhas
Gozag
Hepliaklqana
Kikubaaqudgha
Makhleb
Nemelex Xobeh
Okawaru
Qazlal
Ru
Sif Muna
Trog
Uskayaw
Vehumet
Wu Jian
Xom
Yredelemnul
Zin
The Shining One

Shops:
D:3 ([   D:4 =   D:7 *

Annotations:
Gauntlet 9 transporters


Innate Abilities, Weirdness & Mutations

You have blades for hands.
You are incapable of wielding weapons or throwing items.
You are too large for most types of armour.
You have a pair of small horns on your head.
You have tough skin. (AC +1)
You gain doubled healing and magic from potions.
Whenever you drink a healing potion, you attack all around you.


Message History

The sixfirhy hits you! The sixfirhy shocks you!
The sixfirhy closely misses you. The sixfirhy hits you.
The sixfirhy shocks you! The sixfirhy hits you. The sixfirhy shocks you!
You closely miss the sixfirhy. The sixfirhy hits you. The sixfirhy shocks you!
You closely miss the sixfirhy.
The ufetubus hits you but does no damage.
The ufetubus closely misses you. The ufetubus barely misses you.
The ufetubus misses you.
You shred the sixfirhy!!! Your slash misses the sixfirhy.
The sixfirhy is almost dead.
The ufetubus hits you. The ufetubus closely misses you. The ufetubus hits you.
The ufetubus completely misses you.
Unknown command.
You closely miss the sixfirhy.
The sixfirhy is almost dead.
The sixfirhy closely misses you. The sixfirhy hits you!
The sixfirhy shocks you!
The ufetubus hits you but does no damage.
The ufetubus barely misses you. The ufetubus completely misses you.
The ufetubus hits you.
The ufetubus hits you but does no damage.
The ufetubus barely misses you. The sixfirhy closely misses you.
You miss the sixfirhy.
The sixfirhy is almost dead.
The sixfirhy hits you! The sixfirhy shocks you!
* * * LOW HITPOINT WARNING * * *
The sixfirhy hits you!
* * * LOW HITPOINT WARNING * * *
The sixfirhy shocks you!
* * * LOW HITPOINT WARNING * * *
The ufetubus misses you. The ufetubus hits you.
* * * LOW HITPOINT WARNING * * *
The ufetubus misses you. The ufetubus hits you.
* * * LOW HITPOINT WARNING * * *
The ufetubus closely misses you. The ufetubus hits you.
* * * LOW HITPOINT WARNING * * *
The sixfirhy hits you.
* * * LOW HITPOINT WARNING * * *
The sixfirhy shocks you!
You die...

###...8.#...#...§8≈.........
#8#.....#.©.#....≈..........
###..###########...#########
#..#?.....#..#.8.#.≈..©.≈.
###..#.....#...#...#.≈.≈...≈
#8#..##....#...#####..≈...≈≈
###..#}##.#5...#...#.≈.≈≈≈.≈
#..#©..###3..#©.©#≈≈.≈.≈..
###..#....#@##.#...#..≈...≈.
#8#..#...#555.######©≈≈.≈≈.≈
###..#...#.....#...#.≈..≈..≈
#..#..#......#.8.#.≈...≈≈.
###..###########...#########
#8#.....................©...
###≈........................
##########################
#8# #8# #8# #8# #8# #8# #


You could see a sixfirhy and 4 ufetubi.

Vanquished Creatures
  Erolcha (D:9)
  A two-headed ogre (D:6)
  An orc high priest (Bailey)
  A soul eater (Gauntlet)
  An orc sorcerer (Bailey)
  3 trolls
  2 hornets
  Sigmund (D:4)
  A shadow (D:10)
  A vampire (D:5)
  12 yaks
  A steam dragon (D:9)
  4 acid dragons
  3 water moccasins
  Duvessa (D:6)
  A sky beast (D:6)
  3 ice beasts
  15 orc warriors
  An ogre (D:5)
  2 wolves (D:9)
  2 black bears
  A centaur (D:5)
  2 kobold brigands
  5 bullfrogs
  3 gnoll sergeants
  3 scorpions
  7 wights
  Dowan (D:6)
  2 jellies
  15 killer bees
  3 electric eels
  3 howler monkeys (D:10)
  2 bombardier beetles
  6 hounds (D:9)
  7 orc priests
  2 sleepcaps
  17 orc wizards
  Natasha (twice) (D:2)
  3 iguanas
  20 gnolls
  16 adders
  5 shadow imps
  A white imp (D:6)
  An ufetubus (D:6)
  2 ribbon worms
  12 dart slugs
  42 orcs
  9 ball pythons
  8 endoplasms
  9 giant cockroaches
  9 goblins
  19 hobgoblins
  3 jackals (D:1)
  15 kobolds
  4 quokkas
  4 bats
  17 frilled lizards
  6 rats
344 creatures vanquished.

Notes
Turn   | Place    | Note
-------+----------+-------------------------------------------
     0 | D:1      | jasper the Oni Shapeshifter began the quest for the Orb.
     0 | D:1      | Reached XP level 1. HP: 19/19 MP: 1/1
   100 | D:1      | Found a faded altar of an unknown god.
   203 | D:1      | Reached skill level 2 in Fighting
   235 | D:1      | Reached XP level 2. HP: 28/28 MP: 2/2
   766 | D:2      | Reached skill level 3 in Fighting
   766 | D:2      | Reached XP level 3. HP: 35/37 MP: 3/3
  1040 | D:2      | Noticed Natasha
  1049 | D:2      | Killed Natasha
  1050 | D:2      | Reached XP level 4. HP: 37/48 MP: 4/4
  1116 | D:2      | Reached skill level 4 in Fighting
  1656 | D:2      | Noticed Natasha
  1675 | D:2      | HP: 1/48 [cerulean imp/+1 spear[Natasha] (2)]
  1677 | D:2      | Killed Natasha
  1678 | D:2      | Reached XP level 5. HP: 1/55 MP: 5/5
  1904 | D:3      | Found Nuruxt's Weapon Boutique.
  1992 | D:3      | Found Wyopnon's Armour Boutique.
  2132 | D:3      | Reached skill level 5 in Fighting
  2746 | D:4      | Found Cizilih's Jewellery Emporium.
  2756 | D:4      | Reached XP level 6. HP: 48/66 MP: 6/6
  3139 | D:4      | Noticed Sigmund
  3146 | D:4      | Killed Sigmund
  3147 | D:4      | Reached skill level 6 in Fighting
  3147 | D:4      | Reached skill level 5 in Unarmed Combat
  3147 | D:4      | Reached XP level 7. HP: 76/76 MP: 7/7
  3691 | D:5      | Entered Level 5 of the Dungeon
  3820 | D:5      | Reached skill level 7 in Fighting
  4153 | D:5      | Noticed a vampire
  4162 | D:5      | Killed a vampire
  4256 | D:5      | Reached skill level 8 in Fighting
  4260 | D:5      | Reached XP level 8. HP: 88/88 MP: 8/8
  4602 | D:5      | Reached skill level 9 in Fighting
  5212 | D:6      | Found a glowing drain.
  5216 | Sewer    | Entered a sewer
  5475 | Sewer    | Reached skill level 10 in Fighting
  5504 | Sewer    | Identified the +8 dire flail of Infection {protect, Str+4}
  5577 | D:6      | Noticed Dowan
  5578 | D:6      | Noticed Duvessa
  5590 | D:6      | Killed Duvessa
  5591 | D:6      | Reached XP level 9. HP: 54/101 MP: 9/9
  5602 | D:6      | Killed Dowan
  6457 | D:3      | Bought the scarf of Puqy {repulsion, Rampage rPois Int+2}
                  | for 254 gold pieces
  6818 | D:6      | Noticed a two-headed ogre
  6836 | D:6      | Killed a two-headed ogre
  6837 | D:6      | Reached skill level 10 in Unarmed Combat
  7184 | D:7      | Identified the amulet "Hacw" {Rampage rF+ Regen+ Int+7
                  | Stlth-}
  7230 | D:7      | Found a staircase to the Ecumenical Temple.
  7241 | Temple   | Entered the Ecumenical Temple
  7270 | Temple   | Became a worshipper of Makhleb the Destroyer
  7353 | D:7      | Reached skill level 5 in Shapeshifting
  7374 | D:7      | Reached XP level 10. HP: 88/110 MP: 10/10
  7596 | D:7      | Found Uconeipn's Assorted Antiques.
  7602 | D:7      | Bought a scroll labelled MECECW ATTAU for 31 gold pieces
  7756 | D:7      | Reached * piety under Makhleb
  9286 | D:9      | Noticed Erolcha
  9325 | D:9      | Killed Erolcha
  9337 | D:9      | Reached ** piety under Makhleb
  9609 | D:9      | Found a staircase to the Orcish Mines.
  9838 | D:9      | Reached XP level 11. HP: 114/116 MP: 11/11
  9846 | D:9      | Reached skill level 10 in Shapeshifting
  9846 | D:9      | Found a staircase to the Lair.
 10036 | D:10     | Entered Level 10 of the Dungeon
 10116 | D:10     | Found a flagged portal.
 10133 | D:10     | Reached *** piety under Makhleb
 10138 | Bailey   | Entered a bailey
 10461 | Bailey   | Reached skill level 1 in Invocations
 10489 | Bailey   | Noticed an orc high priest
 10496 | Bailey   | Found an iron altar of Okawaru.
 10515 | Bailey   | Noticed an orc sorcerer
 10518 | Bailey   | Killed an orc sorcerer
 10574 | Bailey   | Killed an orc high priest
 10575 | Bailey   | Identified the +0 leather armour of Niget {+Inv}
 10722 | D:10     | Reached skill level 5 in Invocations
 10751 | D:10     | Reached **** piety under Makhleb
 10875 | D:10     | Found a glowing silver altar of Zin.
 10875 | D:10     | Noticed an angel
 11430 | D:11     | Reached ***** piety under Makhleb
 11431 | D:11     | Reached skill level 11 in Fighting
 11487 | D:11     | Found a gate leading to a gauntlet.
 11613 | D:11     | Paralysed by a hornet for 3 turns
 11645 | Gauntlet | Entered a Gauntlet
 11645 | Gauntlet | Noticed a soul eater
 11645 | Gauntlet | Found a transporter.
 11645 | Gauntlet | Found a transporter.
 11645 | Gauntlet | Found a transporter.
 11660 | Gauntlet | Noticed a catoblepas
 11665 | Gauntlet | Found a transporter.
 11667 | Gauntlet | Found a transporter.
 11672 | Gauntlet | Noticed a death drake
 11677 | Gauntlet | Found a transporter.
 11696 | Gauntlet | Found a transporter.
 11715 | Gauntlet | Found a transporter.
 11721 | Gauntlet | Found a transporter.
 11725 | Gauntlet | Noticed a sixfirhy
 11763 | Gauntlet | Found a transporter.
 11779 | Gauntlet | Noticed a sixfirhy
 11787 | Gauntlet | Found a transporter.
 11802 | Gauntlet | Found a transporter.
 11806 | Gauntlet | Noticed a fire crab
 11865 | Gauntlet | Killed a soul eater
 11866 | Gauntlet | Reached XP level 12. HP: 97/130 MP: 17/17
 12111 | Gauntlet | HP: 4/130 [sixfirhy (5)]
 12111 | Gauntlet | Slain by a sixfirhy

Illustrated notes

Levels and vault maps discovered:
D:1:      minmay_arrival_loop, layout_basic,
          shapermc_ecumenical_altar_totnotflames
D:2:      minmay_evil_eye, layout_basic, uniq_natasha
D:3:      minmay_skewed_foursquare, layout_loops_ring, serial_shops, shop, shop
D:4:      layout_loops_ring, serial_rivers, chequers_serial_rivers_small_a,
          chequers_serial_rivers_micro_c, chequers_serial_rivers_micro_d,
          chequers_serial_rivers_micro_c, chequers_serial_rivers_small_b,
          serial_shops, shop, saegor_snake_ambush, uniq_sigmund
D:5:      layout_basic
D:6:      minmay_diamond_boxcup, layout_basic, serial_corexii_hall,
          corexii_hall_statues_s, corexii_hall_statues_t, gup_sewer_entry_bowl,
          uniq_duvessa
D:7:      layout_basic, minmay_temple_entry_statues, serial_shops,
          nicolae_shop_trees
D:8:      layout_basic, chequers_serial_rivers_micro_c
D:9:      layout_basic, erik_lair_island, orc_0_dummy,
          minmay_misc_feat_ornament, uniq_erolcha
D:10:     layout_roguey, zin_angel, enter_bailey_6, minivault_27
D:11:     layout_loops_cross, gauntlet_entry_generic, minmay_orc_keep
Temple:   minmay_crystal_snake_temple
Gauntlet: gammafunk_gauntlet_shortcut [gammafunk_gauntlet_arena_split_x,
          nicolae_gauntlet_arena_blocks, nicolae_gauntlet_arena_flowing_pool,
          nicolae_gauntlet_swirl, gammafunk_gauntlet_arena_mazey,
          gammafunk_gauntlet_arena_open, gauntlet_exit_watery]

Skill      XL: |  1  2  3  4  5  6  7  8  9 10 11 |
---------------+----------------------------------+-----
Fighting       | 2 3 4 5 6 8 10 11 | 11.3
Unarmed Combat | 3 4 5 6 7 10 | 10.6
Shapeshifting  | 5 9 10 | 10.8
Invocations    | 7 |  7.0
Dodging        | |  1.7

Action                     |  1- 3 |  4- 6 |  7- 9 | 10-12 || total
---------------------------+-------+-------+-------+-------++-------
  Melee: Unarmed           |    92 |   136 |   262 |   502 ||   992
         Headbutt          |    12 |    22 |    30 |    90 ||   154
         Punch             |     2 |     3 |    13 |    19 ||    37
  Throw: Stone             |       |       |    24 |       ||    24
  Evoke: Wand              |       |       |     2 |    18 ||    20
    Use: Scroll            |     1 |     3 |     4 |     4 ||    12
         Potion            |       |     1 |     7 |       ||     8
   Stab: Sleeping          |     1 |     1 |       |       ||     2
 Armour: Animal skin       |    54 |    89 |   181 |    37 ||   361
         Skin              |       |       |    22 |   102 ||   124
         Steam dragon scal |       |       |       |   117 ||   117
  Dodge: Dodged            |    30 |    62 |   110 |   339 ||   541
         Repelled          |       |       |       |     5 ||     5
   Form: Flux              |       |       |       |     1 ||     1
         Blade             |       |       |       |     1 ||     1
